 Dungeon Crawl Stone Soup version 0.31-a0-188-g5e087ee2ca (webtiles) character file.

Game seed: 15873737724116379872

49 qw the Shooter (level 3, -8/20 HPs)
             Began as a Deep Elf Hunter on June 23, 2023.
             Killed by nerve-wracking pain
             ... invoked by Grinder
              (10 damage)
             ... on level 3 of the Dungeon.
             The game lasted 00:00:31 (2083 turns).

qw the Shooter (Deep Elf Hunter)                    Turns: 2083, Time: 00:00:32

Health: -8/20      AC:  5    Str: 16    XL:     3   Next: 53%
Magic:  5/5        EV: 11    Int: 13    God:
Gold:   70         SH:  0    Dex: 18    Spells: 2/2 levels left

rFire   . . .        k - +0 shortbow (heavy)
rCold   . . .        (shield currently unavailable)
rNeg    . . .        f - +0 ring mail
rPois   .            (no helmet)
rElec   .            (no cloak)
rCorr   .            (no gloves)
SInv    +            (no boots)
Will    .....        h - amulet of faith
Stlth   +            i - +6 ring of strength
HPRegen 0.23/turn    m - ring of see invisible
MPRegen 0.09/turn

%: faith
@: no status effects
A: no striking features
a: no special abilities


You were on level 3 of the Dungeon.
You visited 1 branch of the dungeon, and saw 3 of its levels.

You collected 70 gold pieces.


   Skills:
 - Level 1.5 Fighting
 + Level 7.1 Ranged Weapons
 - Level 2.4 Dodging
 - Level 1.2 Stealth


You had 2 spell levels left.
You didn't know any spells.
Your spell library was empty.

Inventory:

Hand Weapons
 k - a +0 heavy shortbow (weapon)
Armour
 f - a +0 ring mail (worn)
Jewellery
 h - an amulet of faith (around neck)
 i - a +6 ring of strength (left hand)
 m - a ring of see invisible (right hand)
Scrolls
 c - a scroll of noise {unknown}
Potions
 a - a potion of attraction {unknown}
 b - a potion of ambrosia {unknown}
 d - a potion of curing {unknown}
 g - a potion of mutation {unknown}
 j - a potion of cancellation {unknown}

Dungeon Overview and Level Annotations

Branches:
Dungeon (3/15)

Altars:

Annotations:
D:3 Grinder


Message History

There is an open door here.
There is a stone staircase leading down here.
You climb downwards.
You hear the sound of rushing water.
There is an entrance to a sewer on this level.
Hurry and find it before the portal rusts away!
Found a twisted lead wand.
There is a stone staircase leading up here.
Waypoint 2 assigned to D:3.
2046 ||| PLANNING SEWER You see here a wand of flame (13).
Found 6 poisoned darts.
Found a stone staircase leading down.
You see here 6 poisoned darts.
Found a long sword.
Found a stone staircase leading up.
A quokka comes into view.
The quokka moves out of view.
c - a scroll labelled EDODANUWIC You shoot an arrow.
The arrow barely misses the quokka.
You shoot an arrow. The arrow misses the quokka.
You shoot an arrow. The arrow hits the quokka!
You kill the quokka!
Grinder comes into view.
Grinder shouts!
Grinder gestures at you. Pain shoots through your body!
You see here 8 gold pieces.
You shoot an arrow. The arrow closely misses Grinder.
You shoot an arrow. The arrow closely misses Grinder.
Grinder blinks!
You shoot an arrow. The arrow completely misses Grinder.
Grinder hits you but does no damage. Grinder closely misses you.
You shoot an arrow. The arrow closely misses Grinder.
Grinder hits you.
You shoot an arrow. The arrow hits Grinder!
Grinder is moderately wounded.
Grinder hits you!
You writhe in agony.
Grinder gestures at you. Pain shoots through your body!
Ouch! That really hurt!
You die...

.#.# #.#.# ###.#.#
.....#
####...####. #
...........
#.##.....######
##.<.@5.%......#
......)....>####.#
.####.#.....# #.#
#.#.....# #.# #
#####.# #.#
#.####.##
#.(.....#
######..#
######..#####.


You could see Grinder.

Vanquished Creatures
  2 worms (D:2)
  A dart slug (D:2)
  3 endoplasms (D:1)
  2 giant cockroaches (D:2)
  5 goblins (D:1)
  4 hobgoblins
  7 jackals
  3 kobolds
  A quokka (D:3)
  2 ball pythons (D:1)
  3 bats
  3 frilled lizards
  2 rats
38 creatures vanquished.

Notes
Turn   | Place    | Note
-------+----------+-------------------------------------------
     0 | D:1      | qw the Deep Elf Hunter began the quest for the Orb.
     0 | D:1      | Reached XP level 1. HP: 12/12 MP: 3/3
     0 | D:1      | 0 ||| qw: Version: 0.3-a-9-g12657ce
     0 | D:1      | 0 ||| qw: Game counter: 4424
     0 | D:1      | 0 ||| qw: Always use a shield: true
     0 | D:1      | 0 ||| qw: God list: Okawaru
     0 | D:1      | 0 ||| qw: Allow faded altars: false
     0 | D:1      | 0 ||| qw: Do Orc after D:15 true
     0 | D:1      | 0 ||| qw: Do second Lair branch before Depths: true
     0 | D:1      | 0 ||| qw: Lair rune preference: random
     0 | D:1      | 0 ||| qw: Plans: Normal
     0 | D:1      | 0 ||| PLANNING D:1-11
   151 | D:1      | Reached skill level 6 in Ranged Weapons
   151 | D:1      | Reached XP level 2. HP: 16/16 MP: 4/4
  1064 | D:1      | 1064 ||| UPGRADING to amulet of faith.
  1069 | D:1      | 1069 ||| DROPPING ring of magical power.
  1070 | D:1      | 1070 ||| READING scroll labelled UKEMYCA DOACIE.
  1071 | D:1      | 1071 ||| READING scroll labelled VEPAMU MUT.
  1072 | D:1      | 1072 ||| READING scroll labelled RIJUONTO YLUY.
  1073 | D:1      | 1073 ||| DROPPING scroll of butterflies.
  1125 | D:2      | Reached XP level 3. HP: 20/20 MP: 5/5
  1369 | D:2      | Found a faded altar of an unknown god.
  1604 | D:2      | Reached skill level 7 in Ranged Weapons
  1990 | D:2      | 1990 ||| UPGRADING to +0 scale mail.
  2000 | D:2      | 2000 ||| DROPPING +0 leather armour.
  2001 | D:2      | 2001 ||| UPGRADING to +0 ring mail.
  2011 | D:2      | 2011 ||| DROPPING +0 scale mail.
  2012 | D:2      | 2012 ||| UPGRADING to +6 ring of strength.
  2013 | D:2      | 2013 ||| UPGRADING to ring of see invisible.
  2014 | D:2      | 2014 ||| READING scroll labelled ANISUE BUTABUA.
  2015 | D:2      | 2015 ||| READING scroll labelled TEHOWKU YBOH.
  2046 | D:3      | 2046 ||| PLANNING SEWER
  2078 | D:3      | Noticed Grinder
  2083 | D:3      | HP: 2/20 [Grinder (5)]
  2083 | D:3      | Killed from afar by Grinder

Levels and vault maps discovered:
D:1:      dpeg_arrival_morbid_curiosity, layout_basic
D:2:      layout_loops_corners, chequers_ecumenical_altar_simple_redux,
          serial_forest, infiniplex_forest_pool, infiniplex_forest_lined_ring,
          infiniplex_forest_zigzag_1, infiniplex_forest_clump_medium,
          infiniplex_forest_3_way, infiniplex_forest_lined_3_way
D:3:      layout_loops_ring, serial_rivers, chequers_serial_rivers_micro_b,
          chequers_serial_rivers_room_a, chequers_serial_rivers_small_a,
          chequers_serial_rivers_micro_a, serial_shops, shop,
          cheibrodos_sewer_entry_bend, uniq_natasha, uniq_grinder

Skill      XL: |  1  2  3 |
---------------+----------+-----
Ranged Weapons | 6 7 |  7.1
Fighting       | |  1.5
Dodging        | |  2.4
Stealth        | |  1.2

Action                     || total
---------------------------++-------
   Fire: Shortbow          ||    82
    Use: Scroll            ||     5
 Armour: Leather armour    ||     1
         Ring mail         ||     1
  Dodge: Dodged            ||     7

Table legend:
 A = Non-vault XP
 B = Vault XP
 C = Vault XP percentage of total XP
 D = Non-vault monster count
 E = Vault monster count
 F = Vault count percentage of total count
                 A         B        C        D         E       F
            +---------+---------+-------+---------+---------+-------
      Total |      61 |      10 |  14.1 |      33 |       5 |  13.2
            +---------+---------+-------+---------+---------+-------
        D:1 |      26 |      10 |  27.8 |      17 |       5 |  22.7
        D:2 |      33 |       0 |   0.0 |      15 |       0 |   0.0
        D:3 |       2 |       0 |   0.0 |       1 |       0 |   0.0
            +---------+---------+-------+---------+---------+-------
